 Dungeon Sprint DCSS version 0.16.1-51-g6203257 (webtiles) character file.

31625 hexophile the Slayer (level 13, -18/156 HPs)
             Began as a Naga Berserker on July 4, 2015.
             Was a High Priest of Trog.
             Killed from afar by a shadow dragon (21 damage)
             ... with a bolt of negative energy
             ... in the Dungeon (Sprint IX: "|||||||||||||||||||||||||||||").
             The game lasted 00:21:17 (5061 turns).

hexophile the Slayer (Naga Berserker)               Turns: 5061, Time: 00:21:19

Health: -18/156    AC: 18    Str: 24    XL:     13   Next: 59%
Magic:  13/13      EV: 14    Int:  7    God:    Trog [*****.]
Gold:   1789       SH:  0    Dex: 15    Spells: 0 memorised, 12 levels left

rFire  x . .     SeeInvis +     a - +9 great mace of Trog's Favour {flame, Dex+3}
rCold  + + +     Clarity  .     B - +1 ice dragon armour
rNeg   . . .     SustAb   .     (no shield)
rPois  +         Gourm    .     A - +1 helmet
rElec  .         Spirit   .     z - +1 cloak {MR+}
rCorr  .         Warding  .     (no gloves)
rMut   .         NoTele   +     (no barding)
MR     ++...                    (no amulet)
Stlth  ..........               x - ring of protection from cold
                                o - +2 ring of evasion

@: heavily drained, very slow, very resistant to hostile enchantments, extremely
unstealthy
A: spit poison, constrict 1, see invisible, deformed body, poison resistance,
slowness 2, AC +4
a: Spit Poison, Burn Spellbooks, Berserk, Trog's Hand, Brothers in Arms,
Renounce Religion


You were in the Dungeon.
You worshipped Trog.
Trog was extremely pleased with you.
You were not hungry.

You visited 1 branch You collected 1915 gold pieces.
You spent 126 gold pieces at shops.

Inventory:

Hand weapons
 a - the +9 great mace of Trog's Favour (weapon) {flame, Dex+3}
   (Trog gifted it to you in the Dungeon)

   It has been specially enchanted to burn those struck by it, causing extra
   injury to most foes and up to half again as much damage against particularly
   susceptible opponents.
   It affects your dexterity (+3).
 q - the +7 mace of the Iron City of Dis {freeze, -Cast +Inv rC- rN+ Int+3}
   (Trog gifted it to you in the Dungeon)

   It has been specially enchanted to freeze those struck by it, causing extra
   injury to most foes and up to half again as much damage against particularly
   susceptible opponents.
   It can also slow down cold-blooded creatures.
   It affects your intelligence (+3).
   It makes you vulnerable to cold.
   It protects you from negative energy.
   It lets you turn invisible.
   It prevents spellcasting.
 t - a +4 antimagic great mace
 y - the +8 whip "Snakebite" {venom, rPois}
   (You found it in the Dungeon)

   It poisons the flesh of those it strikes.
   It protects you from poison.
Armour
 z - a +1 cloak of magic resistance (worn)
 A - a +1 helmet (worn)
 B - a +1 ice dragon armour (worn)
 C - a +0 pearl dragon armour
Jewellery
 o - a +2 ring of evasion (left hand)
 v - an uncursed ring of fire
 x - a ring of protection from cold (right hand)
Magical devices
 l - a wand of cold (1)
 u - a wand of flame (0)
 w - a wand of enslavement (1)
Scrolls
 c - 2 scrolls of fog
 e - a scroll of recharging
 k - 4 scrolls of remove curse
 n - 2 scrolls of enchant armour
 F - 2 scrolls of fear
 G - 2 scrolls of blinking
 H - a scroll of enchant weapon
Potions
 b - 3 potions of cure mutation
 d - a potion of curing
 f - a potion of haste
 g - 4 potions of magic
 h - a potion of berserk rage
 i - a potion of might
 j - a potion of invisibility
 D - a potion of agility
 E - a potion of resistance
Comestibles
 p - 40 fruits
 r - 10 bread rations
 s - 12 meat rations


   Skills:
 * Level 21.3(18.2) Fighting
 * Level 19.3(16.3) Maces & Flails
 - Level 11.4(8.9) Armour
 - Level 11.5(9.0) Dodging


You had 12 spell levels left.
You didn't know any spells.

Dungeon Overview and Level Annotations

Branches:
Dungeon (1/1)

Altars:
Cheibriados
Dithmenos
Elyvilon
Fedhas
Gozag
Kikubaaqudgha
Makhleb
Nemelex Xobeh
Okawaru
Qazlal
Ru
Sif Muna
Trog
Vehumet
Xom
Yredelemnul
Zin
The Shining One
Beogh
Jiyva
Lugonu

Shops:
D :!:!


Innate Abilities, Weirdness & Mutations

You cannot wear boots.
You can spit poison.
You can use your snake-like lower body to constrict enemies.
Your serpentine skin is tough (AC +4).
You have supernaturally acute eyesight.
Armour fits poorly on your strangely shaped body.
Your system is resistant to poisons.
You cover ground very slowly.


Message History

Your two-headed ogre closely misses the shadow dragon.
Your two-headed ogre barely misses the shadow dragon.
The shadow dragon bites your two-headed ogre!
The shadow dragon claws your two-headed ogre. x2
Use which ability? (? or * to list)
Your deep troll goes berserk!
You feel somewhat more hungry.
Your two-headed ogre hits the shadow dragon with a giant spiked club!!
Your two-headed ogre closely misses the shadow dragon.
The shadow dragon bites your two-headed ogre!
Your two-headed ogre dies!
Your two-headed ogre's corpse disappears in a puff of smoke!
You swap places.
Your deep troll closely misses the shadow dragon.
Your deep troll claws the shadow dragon but does no damage.
Your deep troll claws the shadow dragon!
The shadow dragon breathes negative energy at you.
The bolt of negative energy misses your deep troll.
The bolt of negative energy hits you!
You feel drained.
You die...

.▓.▓.▓.▓.▓.▓.▓.▓.▓
.▓.▓.▓.▓.▓.▓.▓.▓.▓
.▓.▓.▓.▓.▓.▓.▓.▓.▓
'▓.▓.▓.▓.▓.▓.▓.▓.▓
.▓.▓.▓.▓.▓.▓.▓.▓.▓
.▓.▓.▓.▓'▓.▓.▓.▓.▓
.▓.▓.▓.▓.▓.▓.▓.▓.▓
.▓.▓.▓.▓=▓.▓.▓.▓(▓
.▓.▓)▓.▓=▓.▓.▓.▓@▓
?▓.▓)▓.▓.▓.▓.▓.▓T▓
}▓.▓)▓.▓.▓.▓.▓.▓D▓
!▓.▓)▓.▓)▓.▓(▓.▓T▓
.▓.▓.▓.▓)▓.▓)▓.▓)▓
.▓.▓.▓.▓)▓.▓(▓.▓C▓
.▓.▓.▓.▓)▓.▓(▓.▓)▓
.▓.▓.▓.▓.▓.▓(▓.▓)▓
.▓.▓)▓.▓)▓.▓.▓.▓.▓


You could see a shadow dragon, a stone giant, a deep troll shaman and a friendly
deep troll (berserk).

Vanquished Creatures
  A frost giant (D)
  An ettin (D)
  A great orb of eyes (D)
  Josephine (D)
  A rakshasa (D)
  An ice dragon (D)
  A merfolk avatar (D)
  A catoblepas (D)
  Erica (D)
  2 orc high priests (D)
  A deep elf knight (D)
  2 sea snakes (D)
  A spriggan druid (D)
  A flayed ghost (D)
  An orc knight (D)
  An ugly thing (D)
  A hornet (D)
  A faun (D)
  A cyclops (D)
  Maurice (D)
  Joseph (D)
  2 spiny frogs (D)
  3 torpor snails (D)
  Psyche (D)
  A kobold demonologist (D)
  A yaktaur (D)
  A bog body (D)
  A snapping turtle (D)
  2 trapdoor spiders (D)
  4 wraiths (D)
  A tarantella (D)
  A deep elf mage (D)
  A vampire mosquito (D)
  Grum (D)
  A hippogriff (D)
  2 wolves (D)
  A hell hound (D)
  3 water moccasins (D)
  4 porcupines (D)
  2 orc warriors (D)
  A spider (D)
  A wasp (D)
  A crocodile (D)
  2 giant frogs (D)
  2 scorpions (D)
  2 crimson imps (D)
  An iguana (D)
  A jelly (D)
  4 orc wizards (D)
  4 orc priests (D)
  A worker ant (D)
  2 river rats (D)
  4 adders (D)
  8 orcs (D)
  A bat skeleton (D)
  A bat zombie (D)
  A goblin (D)
  A hobgoblin (D)
  2 giant newts (D)
  A kobold (D)
  3 rats (D)
100 creatures vanquished.

Vanquished Creatures (collateral kills)
  Saint Roka (D)
  2 greater nagas (D)
  An ettin (D)
  A yaktaur captain (D)
  A minotaur (D)
  A hydra (D)
  A naga warrior (D)
  An ice dragon (D)
  A death yak (D)
  A naga sharpshooter (D)
  9 orc high priests (D)
  2 shock serpents (D)
  A hill giant (D)
  An orc sorcerer (D)
  A cyclops (D)
  A salamander (D)
  2 orange demons (D)
  A naga mage (D)
  A komodo dragon (D)
  A blue devil (D)
  A hellwing (D)
  A raven (D)
  A snapping turtle (D)
  A vampire mosquito (D)
  2 hippogriffs (D)
  A yak (D)
  A water moccasin (D)
  3 wargs (D)
  A hell hound (D)
  4 wolves (D)
  A centaur (D)
  9 orc warriors (D)
  A porcupine (D)
  3 orc priests (D)
  2 orc wizards (D)
  A river rat (D)
  An orc (D)
65 creatures vanquished.

Vanquished Creatures (others)
  A hydra (D)
  An iron troll (D)
  A deep troll (D)
  A troll (D)
  A two-headed ogre (D)
  A fungus (D)
6 creatures vanquished.

Grand Total: 171 creatures vanquished

Notes
Turn   | Place    | Note
--------------------------------------------------------------
     0 | D        | hexophile, the Naga Berserker, began the quest for the Orb.
     0 | D        | Reached XP level 1. HP: 21/21 MP: 1/1
    17 | D        | Acquired Trog's second power
   216 | D        | Noticed a crimson imp
   219 | D        | Killed a crimson imp
   219 | D        | Reached skill level 5 in Fighting
   219 | D        | Reached XP level 2. HP: 32/32 MP: 2/2
   219 | D        | Reached XP level 3. HP: 39/39 MP: 3/3
   224 | D        | Acquired Trog's third power
   256 | D        | Found a glowing silver altar of Zin.
   256 | D        | Found a glowing golden altar of the Shining One.
   256 | D        | Found an ancient bone altar of Kikubaaqudgha.
   256 | D        | Found a basalt altar of Yredelemnul.
   256 | D        | Found a shimmering altar of Xom.
   256 | D        | Found a radiant altar of Vehumet.
   256 | D        | Found an iron altar of Okawaru.
   257 | D        | Found a burning altar of Makhleb.
   258 | D        | Found a deep blue altar of Sif Muna.
   259 | D        | Found a bloodstained altar of Trog.
   260 | D        | Found a sparkling altar of Nemelex Xobeh.
   261 | D        | Found a white marble altar of Elyvilon.
   262 | D        | Found a roughly hewn altar of Beogh.
   263 | D        | Found a viscous altar of Jiyva.
   264 | D        | Found a corrupted altar of Lugonu.
   265 | D        | Found a blossoming altar of Fedhas.
   266 | D        | Found a snail-covered altar of Cheibriados.
   267 | D        | Found a shadowy altar of Dithmenos.
   268 | D        | Found a stormy altar of Qazlal.
   269 | D        | Found an opulent altar of Gozag.
   270 | D        | Found a sacrificial altar of Ru.
   335 | D        | Noticed an orc priest
   335 | D        | Noticed a giant frog
   335 | D        | Noticed a giant frog
   335 | D        | Noticed a centaur
   336 | D        | Killed an orc priest
   336 | D        | Reached skill level 6 in Fighting
   336 | D        | Reached XP level 4. HP: 43/48 MP: 4/4
   341 | D        | Killed a giant frog
   341 | D        | Reached skill level 7 in Fighting
   341 | D        | Reached XP level 5. HP: 32/57 MP: 5/5
   359 | D        | Killed a giant frog
   359 | D        | Received a gift from Trog
   359 | D        | Reached skill level 8 in Fighting
   385 | D        | HP: 1/60 [centaur (8)]
   406 | D        | Killed a centaur
   406 | D        | Reached skill level 9 in Fighting
   406 | D        | Reached skill level 5 in Armour
   406 | D        | Reached skill level 5 in Dodging
   406 | D        | Reached XP level 6. HP: 8/69 MP: 6/6
   637 | D        | Noticed a hippogriff
   637 | D        | Noticed a vampire mosquito
   637 | D        | Noticed a deep elf mage
   637 | D        | Noticed a worker ant
   637 | D        | Noticed a hippogriff
   639 | D        | Killed a deep elf mage
   639 | D        | Reached skill level 10 in Fighting
   640 | D        | Killed a hippogriff
   640 | D        | Reached XP level 7. HP: 62/80 MP: 7/7
   640 | D        | Killed a vampire mosquito
   640 | D        | Reached skill level 11 in Fighting
   646 | D        | Killed a worker ant
   680 | D        | Killed a hippogriff
  1086 | D        | Noticed a crocodile
  1086 | D        | Noticed a porcupine
  1086 | D        | Noticed a porcupine
  1086 | D        | Noticed a water moccasin
  1086 | D        | Noticed an iguana
  1087 | D        | Killed a porcupine
  1087 | D        | Reached skill level 12 in Fighting
  1087 | D        | Reached XP level 8. HP: 88/91 MP: 8/8
  1091 | D        | Noticed a porcupine
  1304 | D        | Killed a crocodile
  1304 | D        | Reached skill level 5 in Maces & Flails
  1307 | D        | Killed a porcupine
  1315 | D        | Killed a water moccasin
  1320 | D        | Killed an iguana
  1332 | D        | Killed a porcupine
  1335 | D        | Noticed a porcupine
  1348 | D        | Killed a porcupine
  1460 | D        | Noticed a water moccasin
  1460 | D        | Noticed a komodo dragon
  1460 | D        | Noticed a hippogriff
  1460 | D        | Noticed a six-headed hydra
  1466 | D        | Noticed a porcupine
  1467 | D        | Received a gift from Trog
  1473 | D        | Noticed a yak
  1475 | D        | Killed a water moccasin
  1475 | D        | Reached skill level 13 in Fighting
  1485 | D        | Killed a komodo dragon
  1485 | D        | Reached XP level 9. HP: 46/102 MP: 3/9
  1485 | D        | Killed a hippogriff
  1488 | D        | Killed a seven-headed hydra
  1489 | D        | Killed a porcupine
  1491 | D        | Received a gift from Trog
  1492 | D        | Killed a yak
  1701 | D        | Noticed a wolf
  1701 | D        | Noticed a hell hound
  1701 | D        | Noticed a warg
  1702 | D        | Noticed a wolf
  1702 | D        | Noticed a wolf
  1703 | D        | Noticed a wolf
  1704 | D        | Noticed a warg
  1706 | D        | Killed a hell hound
  1709 | D        | Noticed a hell hound
  1716 | D        | Killed a warg
  1717 | D        | Killed a warg
  1718 | D        | Killed a hell hound
  1718 | D        | Received a gift from Trog
  1719 | D        | Killed a wolf
  1719 | D        | Reached skill level 14 in Fighting
  1720 | D        | Killed a wolf
  1721 | D        | Killed a wolf
  1722 | D        | Killed a wolf
  2012 | D        | Noticed Josephine
  2012 | D        | Noticed a wraith
  2012 | D        | Noticed a wraith
  2012 | D        | Noticed a wraith
  2013 | D        | Noticed a wraith
  2015 | D        | Killed a wraith
  2032 | D        | Killed Josephine
  2032 | D        | Received a gift from Trog
  2032 | D        | Reached skill level 10 in Maces & Flails
  2032 | D        | Reached XP level 10. HP: 24/114 MP: 3/10
  2040 | D        | Killed a wraith
  2042 | D        | Killed a wraith
  2046 | D        | Killed a wraith
  2279 | D        | Noticed Psyche
  2285 | D        | Paralysed by Psyche for 2 turns
  2289 | D        | Killed Psyche
  2289 | D        | Reached skill level 15 in Fighting
  2346 | D        | Noticed an orc priest
  2346 | D        | Noticed an orc priest
  2346 | D        | Noticed an orc wizard
  2346 | D        | Noticed an orc wizard
  2349 | D        | Killed an orc priest
  2350 | D        | Noticed an orc wizard
  2351 | D        | Killed an orc priest
  2355 | D        | Killed an orc wizard
  2365 | D        | Killed an orc wizard
  2365 | D        | Received a gift from Trog
  2381 | D        | Noticed an orc wizard
  2392 | D        | Killed an orc wizard
  2395 | D        | Killed an orc wizard
  2553 | D        | Noticed an orc warrior
  2553 | D        | Noticed an orc sorcerer
  2553 | D        | Noticed an orc warrior
  2553 | D        | Noticed an orc warrior
  2553 | D        | Noticed an orc warrior
  2553 | D        | Noticed an orc priest
  2553 | D        | Noticed an orc wizard
  2554 | D        | Noticed an orc high priest
  2558 | D        | Killed an orc sorcerer
  2558 | D        | Received a gift from Trog
  2558 | D        | Killed an orc warrior
  2560 | D        | Killed an orc warrior
  2562 | D        | Killed an orc warrior
  2563 | D        | Killed an orc warrior
  2564 | D        | Killed an orc priest
  2566 | D        | Noticed an orc warrior
  2568 | D        | Killed an orc wizard
  2568 | D        | Received a gift from Trog
  2569 | D        | Noticed a smoke demon
  2570 | D        | Killed an orc high priest
  2572 | D        | Noticed an orc warrior
  2574 | D        | Noticed an orc warrior
  2574 | D        | Killed an orc warrior
  2575 | D        | Noticed an orc wizard
  2576 | D        | Killed an orc warrior
  2579 | D        | Killed an orc warrior
  2580 | D        | Killed an orc wizard
  2588 | D        | Received a gift from Trog
  2653 | D        | Found Ucuppez's Book Emporium.
  2653 | D        | Noticed an orc high priest
  2653 | D        | Noticed an orc high priest
  2653 | D        | Noticed an orc priest
  2653 | D        | Noticed an orc high priest
  2653 | D        | Noticed an orc high priest
  2653 | D        | Noticed an orc high priest
  2654 | D        | Noticed a soul eater
  2670 | D        | Killed an orc high priest
  2672 | D        | Killed an orc high priest
  2673 | D        | Killed an orc priest
  2674 | D        | Killed an orc high priest
  2679 | D        | Killed an orc high priest
  2679 | D        | Reached XP level 11. HP: 43/124 MP: 11/11
  2683 | D        | Killed an orc high priest
  2683 | D        | Reached skill level 16 in Fighting
  2683 | D        | Reached skill level 10 in Dodging
  2684 | D        | Noticed an orc high priest
  2689 | D        | Killed an orc high priest
  2689 | D        | Received a gift from Trog
  2689 | D        | Reached skill level 10 in Armour
  2690 | D        | Found Naesuah's Distillery.
  2692 | D        | Noticed an orc priest
  2693 | D        | Noticed an orc high priest
  2693 | D        | Found Kurupauk's Book Emporium.
  2694 | D        | Killed an orc priest
  2696 | D        | Found Izaoqeca's Distillery.
  2700 | D        | Killed an orc high priest
  2705 | D        | Noticed an orc high priest
  2706 | D        | Noticed an orc high priest
  2709 | D        | Noticed an orc high priest
  2709 | D        | Killed an orc high priest
  2710 | D        | Noticed an orc priest
  2716 | D        | Killed an orc high priest
  2724 | D        | Killed an orc high priest
  2727 | D        | Killed an orc priest
  2807 | D        | Bought a potion of heal wounds for 70 gold pieces
  2807 | D        | Bought a potion of might for 56 gold pieces
  3046 | D        | Noticed Erica
  3055 | D        | Killed Erica
  3068 | D        | Noticed a wolf
  3070 | D        | Noticed Grum
  3071 | D        | Killed a wolf
  3073 | D        | Noticed a wolf
  3084 | D        | Killed Grum
  3090 | D        | Killed a wolf
  3090 | D        | Received a gift from Trog
  3282 | D        | Noticed Joseph
  3294 | D        | Killed Joseph
  3294 | D        | Reached skill level 17 in Fighting
  3419 | D        | Noticed an orc warrior
  3419 | D        | Noticed a crimson imp
  3419 | D        | Noticed a wasp
  3419 | D        | Noticed a jelly
  3419 | D        | Noticed an orc knight
  3419 | D        | Noticed a purple ugly thing
  3419 | D        | Noticed a kobold demonologist
  3420 | D        | Noticed a catoblepas
  3424 | D        | Killed an orc warrior
  3425 | D        | Noticed a yaktaur
  3432 | D        | Killed a crimson imp
  3433 | D        | Killed a wasp
  3434 | D        | Noticed an ettin
  3436 | D        | Killed a jelly
  3437 | D        | Noticed a deep elf knight
  3438 | D        | Noticed a hill giant
  3449 | D        | Killed an orc knight
  3449 | D        | Received a gift from Trog
  3454 | D        | Noticed a death yak
  3470 | D        | Killed a purple ugly thing
  3481 | D        | Killed a kobold demonologist
  3487 | D        | Noticed an ice dragon
  3489 | D        | Killed a catoblepas
  3494 | D        | Killed a yaktaur
  3497 | D        | Killed an ettin
  3499 | D        | Killed a deep elf knight
  3499 | D        | Received a gift from Trog
  3499 | D        | Reached XP level 12. HP: 71/139 MP: 12/12
  3500 | D        | Killed a hill giant
  3502 | D        | Killed a death yak
  3504 | D        | Killed an ice dragon
  3510 | D        | Noticed a flayed ghost
  3524 | D        | Killed a flayed ghost
  3524 | D        | Reached skill level 18 in Fighting
  3524 | D        | Reached skill level 15 in Maces & Flails
  3668 | D        | Noticed an orc warrior
  3669 | D        | Noticed a warg
  3670 | D        | Noticed Saint Roka
  3671 | D        | Noticed an orc warrior
  3672 | D        | Noticed an orc warrior
  3680 | D        | Killed an orc warrior
  3680 | D        | Received a gift from Trog
  3687 | D        | Killed a warg
  3692 | D        | Killed Saint Roka
  3694 | D        | Killed an orc warrior
  3695 | D        | Killed an orc warrior
  3702 | D        | Received a gift from Trog
  3971 | D        | Noticed a faun
  3971 | D        | Noticed a cyclops
  3971 | D        | Noticed a sea snake
  3971 | D        | Noticed a snapping turtle
  3971 | D        | Noticed a sea snake
  3971 | D        | Noticed a merfolk avatar
  3973 | D        | Noticed a snapping turtle
  3975 | D        | Noticed a cyclops
  3979 | D        | Killed a faun
  3986 | D        | Killed a cyclops
  3993 | D        | Killed a sea snake
  4006 | D        | Killed a snapping turtle
  4016 | D        | Killed a sea snake
  4024 | D        | Killed a merfolk avatar
  4024 | D        | Received a gift from Trog
  4024 | D        | Reached skill level 19 in Fighting
  4026 | D        | Killed a snapping turtle
  4028 | D        | Killed a cyclops
  4310 | D        | Noticed a greater naga
  4310 | D        | Noticed a salamander
  4310 | D        | Noticed a water moccasin
  4310 | D        | Noticed a shock serpent
  4310 | D        | Noticed a naga warrior
  4310 | D        | Noticed a greater naga
  4310 | D        | Noticed a naga sharpshooter
  4313 | D        | Killed a greater naga
  4313 | D        | Received a gift from Trog
  4315 | D        | Killed a salamander
  4317 | D        | Killed a shock serpent
  4318 | D        | Noticed a naga mage
  4318 | D        | Killed a water moccasin
  4321 | D        | Noticed a shock serpent
  4321 | D        | Killed a greater naga
  4349 | D        | Killed a naga warrior
  4351 | D        | HP: 3/142 [naga sharpshooter/arrow (6)]
  4352 | D        | Killed a naga sharpshooter
  4352 | D        | Received a gift from Trog
  4354 | D        | Killed a naga mage
  4355 | D        | Killed a shock serpent
  4355 | D        | Reached XP level 13. HP: 5/152 MP: 13/13
  4788 | D        | Noticed a scorpion
  4788 | D        | Noticed a torpor snail
  4788 | D        | Noticed a hornet
  4788 | D        | Noticed a torpor snail
  4788 | D        | Noticed a spider
  4788 | D        | Noticed a scorpion
  4790 | D        | Killed a scorpion
  4794 | D        | Killed a torpor snail
  4798 | D        | Killed a hornet
  4802 | D        | Killed a torpor snail
  4802 | D        | Received a gift from Trog
  4804 | D        | Killed a spider
  4808 | D        | Killed a scorpion
  4809 | D        | Noticed a tarantella
  4812 | D        | Got a brightly glowing great mace {god gift}
  4817 | D        | Killed a tarantella
  4817 | D        | Reached skill level 20 in Fighting
  4819 | D        | Identified the +9 great mace of Trog's Favour {flame, Dex+3} (Trog gifted it to you in the Dungeon)
  4836 | D        | Noticed a trapdoor spider
  4837 | D        | Killed a trapdoor spider
  4837 | D        | Received a gift from Trog
  4839 | D        | Noticed a trapdoor spider
  4839 | D        | Killed a trapdoor spider
  4841 | D        | Got a twisted mace {god gift}
  4842 | D        | Identified the +7 mace of the Iron City of Dis {freeze, -Cast +Inv rC- rN+ Int+3} (Trog gifted it to you in the Dungeon)
  4846 | D        | Noticed a spiny frog
  4846 | D        | Noticed a spiny frog
  4846 | D        | Noticed a raven
  4846 | D        | Noticed a vampire mosquito
  4846 | D        | Noticed an eight-headed hydra
  4846 | D        | Noticed a bog body
  4847 | D        | Killed a spiny frog
  4849 | D        | Killed a spiny frog
  4854 | D        | Killed a raven
  4855 | D        | Killed a vampire mosquito
  4860 | D        | Killed an eight-headed hydra
  4868 | D        | Killed a bog body
  4876 | D        | Received a gift from Trog
  4880 | D        | Noticed a spriggan druid
  4881 | D        | Noticed a water moccasin
  4887 | D        | Killed a spriggan druid
  4888 | D        | Killed a water moccasin
  4946 | D        | Noticed Maurice
  4950 | D        | Killed Maurice
  5012 | D        | Noticed an ettin
  5012 | D        | Noticed a torpor snail
  5012 | D        | Noticed a rakshasa
  5012 | D        | Noticed an ice dragon
  5012 | D        | Noticed a frost giant
  5012 | D        | Noticed a great orb of eyes
  5012 | D        | Noticed a yaktaur captain
  5014 | D        | Killed an ettin
  5017 | D        | Killed a torpor snail
  5018 | D        | Noticed a minotaur
  5021 | D        | Noticed a shadow dragon
  5023 | D        | Noticed a deep troll shaman
  5023 | D        | Killed a rakshasa
  5023 | D        | Received a gift from Trog
  5025 | D        | Noticed a stone giant
  5026 | D        | Killed an ice dragon
  5035 | D        | Killed a frost giant
  5035 | D        | Reached skill level 21 in Fighting
  5036 | D        | Noticed a tengu conjurer
  5037 | D        | Killed a great orb of eyes
  5038 | D        | Noticed an ice dragon
  5043 | D        | Killed a yaktaur captain
  5046 | D        | Killed a minotaur
  5046 | D        | Received a gift from Trog
  5053 | D        | HP: 6/156 [shadow dragon/bolt of negative energy (36)]
  5057 | D        | HP: 2/156 [shadow dragon (3)]
  5061 | D        | Killed from afar by a shadow dragon

Action                   |  1- 3 |  4- 6 |  7- 9 | 10-12 | 13-15 || total
-------------------------+-------+-------+-------+-------+-------++-------
Melee: Mace              |    30 |       |       |       |       ||    30
       Unarmed           |       |    60 |    37 |       |       ||    97
       Dire flail        |       |       |    34 |    13 |       ||    47
       Great mace        |       |       |    43 |    79 |    46 ||   168
       Whip              |       |       |       |   148 |    23 ||   171
Invok: Berserk           |     2 |     1 |     1 |       |       ||     4
       Brothers in Arms  |       |     1 |     3 |    12 |     4 ||    20
 Abil: Spit Poison       |       |       |       |     1 |       ||     1
Evoke: Wand              |       |     2 |     3 |       |     1 ||     6
  Use: Potion            |       |     5 |     1 |     8 |     1 ||    15
       Scroll            |       |       |     2 |     2 |       ||     4
  Eat: Bread ration      |       |     1 |       |     2 |       ||     3
       Chunk             |       |       |     3 |     1 |       ||     4
       Meat ration       |       |       |     1 |       |       ||     1
